 Dungeon Crawl Stone Soup version 0.25-a0-190-g27fffb8c76 (webtiles) character file.

Game seed: 8379561448060705065, levelgen mode: deterministic

194615 MrRokkomies the Warrior (level 18, -12/163 HPs)
             Began as a Ghoul Monk on Nov 29, 2019.
             Was a High Priest of Makhleb.
             Mangled by a nagaraja
             ... wielding a +0 halberd
              (23 damage)
             ... on level 4 of the Snake Pit on Nov 30, 2019.
             The game lasted 02:38:26 (37327 turns).

MrRokkomies the Warrior (Ghoul Monk)               Turns: 37327, Time: 02:38:27

Health: -12/163    AC: 17    Str: 22    XL:     18   Next: 31%
Magic:  26/26      EV: 20    Int:  6    God:    Makhleb [*****.]
Gold:   698        SH:  0    Dex: 16    Spells: 8/17 levels left

rFire    + . .     SeeInvis .   a - +10 quarterstaff of Vanity {pain, rN+ Stlth+}
rCold    + + .     Gourm    .   (shield currently unavailable)
rNeg     + + +     Faith    .   O - +7 leather armour of Qebah {MR++ Dex+5}
rPois    ∞         Spirit   .   o - +1 hat
rElec    .         Reflect  .   y - +2 cloak
rCorr    .         Harm     .   Z - +1 pair of gloves {archery}
MR       +++..                  (no boots)
Stlth    +++.......             N - amulet of the acrobat
HPRegen  0.00/turn              G - ring of protection from fire
MPRegen  0.20/turn              M - ring of protection from cold

@: very slightly contaminated, rotting
A: rotting body, claws 1, carnivore, cold resistance 1, negative energy
resistance 3, inhibited regeneration, torment resistance, unbreathing
}: 1/15 runes: decaying
a: Minor Destruction, Lesser Servant of Makhleb, Major Destruction, Greater
Servant of Makhleb, Renounce Religion


You were on level 4 of the Snake Pit.
You worshipped Makhleb.
Makhleb was extremely pleased with you.
You were not hungry.

You visited 5 branches of the dungeon, and saw 31 of its levels.
You also visited: Ossuary, Bailey and Volcano.

You collected 2917 gold pieces.
You spent 2219 gold pieces at shops.

Inventory:

Hand Weapons
 a - the +10 quarterstaff of Vanity (weapon) {pain, rN+ Stlth+}
   (You found it on level 4 of the Dungeon)

   In the hands of one skilled in necromantic magic, it inflicts extra damage on
   living creatures.
   It protects you from negative energy.
   It makes you more stealthy.
 b - a +2 arbalest of flaming
 V - a +0 lajatang
Missiles
 m - 28 curare-tipped darts
 p - 298 bolts
 q - 107 poisoned darts
 u - 6 javelins
 C - 92 boomerangs (quivered)
Armour
 o - a +1 hat (worn)
 y - a +2 cloak (worn)
 O - the +7 leather armour of Qebah (worn) {MR++ Dex+5}
   (You found it on level 1 of the Swamp)

   It affects your dexterity (+5).
   It affects your resistance to hostile enchantments.
 Z - a +1 pair of gloves of archery (worn)
Jewellery
 G - a ring of protection from fire (left hand)
 J - the ring "Maizxiv" {rN+ MR+ Stlth+}
   (You found it on level 4 of the Swamp)

   [ring of protection from magic]

   It protects you from negative energy.
   It affects your resistance to hostile enchantments.
   It makes you more stealthy.
 M - a ring of protection from cold (right hand)
 N - an amulet of the acrobat (around neck)
Wands
 n - a wand of acid (7)
 F - a wand of digging (6)
 K - a wand of paralysis (20)
 S - a wand of clouds (4)
 T - a wand of polymorph (9)
 Y - a wand of iceblast (7)
Scrolls
 c - a scroll of summoning
 d - 7 scrolls of enchant armour
 f - 5 scrolls of fog
 i - 12 scrolls of enchant weapon
 k - 8 scrolls of teleportation
 t - 6 scrolls of immolation
 w - 3 scrolls of magic mapping
 B - 16 scrolls of remove curse
 D - 2 scrolls of fear
 I - 2 scrolls of identify
 Q - a scroll of blinking
Potions
 e - a potion of agility
 j - 7 potions of might
 l - 18 potions of curing
 r - 6 potions of brilliance
 s - 4 potions of haste
 v - 2 potions of ambrosia
 z - 3 potions of resistance
 E - 5 potions of magic
 H - 7 potions of flight
 U - a potion of invisibility
Miscellaneous
 x - a lightning rod (4/4)
 A - a lamp of fire
 L - 2 boxes of beasts
 R - a sack of spiders
 W - a phial of floods
 X - a fan of gales (inert)
Comestibles
 h - 69 rations


   Skills:
 - Level 15.0 Fighting
 - Level 14.0 Staves
 - Level 6.0 Throwing
 - Level 8.3 Armour
 * Level 11.1 Dodging
 - Level 2.1 Stealth
 - Level 8.5 Unarmed Combat
 - Level 4.0 Hexes
 + Level 11.4 Necromancy
 + Level 5.1 Translocations
 + Level 13.1 Invocations
 * Level 3.7 Evocations


You had 8 spell levels left.
You knew the following spells:

 Your Spells              Type           Power        Failure   Level  Hunger
a - Confusing Touch       Hex            #.....       11%         1    ##.....
b - Blink                 Tloc           N/A          11%         2    ###....
c - Excruciating Wounds   Chrm/Necr      #.........   83%         5    ######.
d - Summon Butterflies    Summ           #.......     50%         1    ##.....

Your spell library contained the following spells:

 Spells                   Type           Power        Failure   Level  Hunger
 Apportation              Tloc           #.....       7%          1    ##.....
 Slow                     Hex            #.......     16%         2    ###....
 Gell's Gravitas          Tloc           #.........   21%         3    ####...
 Lesser Beckoning         Tloc           #.........   21%         3    ####...
 Confuse                  Hex            #.......     32%         3    ####...
 Tukima's Dance           Hex            #.......     32%         3    ####...
 Ensorcelled Hibernation  Hex/Ice        #.....       36%         2    ###....
 Magic Dart               Conj           #...         50%         1    ##.....
 Sandblast                Erth           #.....       50%         1    ##.....
 Shock                    Conj/Air       #...         50%         1    ##.....
 Dazzling Spray           Conj/Hex       #.....       58%         3    ####...
 Call Imp                 Summ           #.......     63%         2    ###....
 Passwall                 Tmut/Erth      #.......     63%         2    ###....
 Searing Ray              Conj           #.....       63%         2    ###....
 Swiftness                Chrm/Air       #.......     63%         2    ###....
 Conjure Flame            Conj/Fire      #.......     86%         3    ####...
 Mephitic Cloud           Conj/Pois/Air  #.......     86%         3    ####...
 Ozocubu's Armour         Chrm/Ice       #.......     86%         3    ####...
 Static Discharge         Conj/Air       #.......     86%         3    ####...
 Stone Arrow              Conj/Erth      #.....       86%         3    ####...
 Force Lance              Conj/Tloc      #.......     89%         4    #####..
 Fulminant Prism          Conj/Hex       #.........   94%         4    #####..
 Airstrike                Air            #.........   99%         4    #####..
 Iskenderun's Mystic Bla  Conj           #.......     99%         4    #####..
 Petrify                  Tmut/Erth      #.......     99%         4    #####..
 Alistair's Intoxication  Tmut/Pois      #.......     100%        5    ######.
 Lee's Rapid Deconstruct  Erth           #.........   100%        5    ######.
 Lightning Bolt           Conj/Air       #.........   100%        5    ######.
 Metabolic Englaciation   Hex/Ice        #.........   100%        5    ######.
 Yara's Violent Unravell  Hex/Tmut       #.........   100%        5    ######.
 Invisibility             Hex            #.......     100%        6    #######


Dungeon Overview and Level Annotations

Branches:
Dungeon (15/15)            Temple (0/1) D:6            Lair (6/6) D:10
  Swamp (4/4) Lair:4        Snake (4/4) Lair:3        Slime (0/5) Lair:6
    Orc (2/2) D:12            Elf (0/3) Orc:2        Vaults (0/5) D:13
 Depths (0/5) D:15        Ossuary (visited)          Bailey (visited)
Volcano (visited)

Altars:
Ashenzari
Dithmenos
Elyvilon
Fedhas
Gozag
Hepliaklqana
Makhleb
Nemelex Xobeh
Ru
Sif Muna
Trog
Vehumet
Wu Jian
Xom
The Shining One

Shops:
Orc:1 }=?   Orc:2 (*[:   Snake:2 (

Annotations:
D:5 2 transporters
D:15 2 transporters, Ybris's ghost, journeyman GrEE
Lair:5 1 runed translucent door, Thargor's ghost, journeyman GnWn
Snake:3 exclusion: oklob plant
Orc:1 2 runed translucent doors, exclusion: orange crystal statue


Innate Abilities, Weirdness & Mutations

Your body is rotting away.
You thrive on raw meat.
You are immune to poison.
You have sharp fingernails.
You are carnivorous and can eat meat at any time.
Your flesh is cold resistant. (rC+)
You are immune to negative energy. (rN+++)
You do not regenerate when monsters are visible.
You are immune to unholy pain and torment.
You can survive without breathing.


Message History

A naga ritualist comes into view. It is wielding a +4 dagger of venom.
Found an arrow.
A naga sharpshooter comes into view. It is wielding a +0 shortbow.
Blink to where?
Press: ? - help, Dir - move target cursor You are very lightly contaminated with residual magic.
As you read the scroll of blinking, it crumbles to dust.
A nagaraja comes into view. It is wielding a +0 halberd.
The naga ritualist shouts!
The nagaraja hits you but does no damage.
The naga sharpshooter moves out of view.
Okay, then.
Unknown command.
Unknown command.
As you read the scroll of fear, it crumbles to dust.
You assume a fearsome visage.
The naga mage resists with some effort.
The naga ritualist looks frightened!
The nagaraja resists with almost no effort.
The nagaraja hits you from afar with a +0 halberd!!
You die...

.. . N.. .
.N.N .
...NN###'
N...NN...
N.N2N§§§#
#####§§§† ###
#.§.. #@####
+...S #....# #
+...N #N.NN#
.# #...N
##.####'#..###
#....
...NN......(.#
.....
...##...######
.......
..........
...........


You could see a nagaraja, a naga ritualist (fleeing) and a naga mage.

Vanquished Creatures
  Vashnia (Snake:3)
  The ghost of Qioxkieti the Warrior, an adept HuBe of Trog (Snake:3)
  Frances (Snake:2)
  3 thorn hunters
  2 nagarajas
  Aizul (Swamp:4)
  A fire giant (D:15)
  A red draconian (Volcano)
  A fire dragon (Lair:6)
  Harold (Lair:1)
  Fannar (Orc:1)
  A vault guard (D:13)
  8 naga warriors
  2 ghost crabs (Swamp:4)
  4 centaur warriors
  23 hydras
  7 alligators
  A catoblepas (Lair:4)
  3 two-headed ogres
  14 anacondas
  A death knight (D:15)
  A death yak (D:10)
  6 shock serpents
  4 naga sharpshooters
  A tengu warrior (D:15)
  2 orc high priests (Orc:2)
  Sonja (Lair:3)
  A salamander mystic (Snake:4)
  A spriggan druid (Swamp:4)
  6 skeletal warriors (D:15)
  8 naga ritualists
  2 unseen horrors
  11 swamp dragons
  Pikel (D:4)
  5 orc knights
  A wolf spider zombie (D:15)
  A manticore (D:12)
  2 oklob plants
  A wolf spider (D:15)
  9 mana vipers
  4 ugly things
  4 salamanders
  4 orc sorcerers
  A cyclops (D:14)
  3 elephants (Lair:5)
  44 black mambas
  Joseph (D:10)
  2 molten gargoyles (Lair:6)
  13 spiny frogs
  A gargoyle (D:12)
  11 naga magi
  Psyche (D:10)
  3 rime drakes
  7 komodo dragons
  An efreet (D:9)
  2 freezing wraiths
  2 yaktaurs (Volcano)
  A tengu conjurer (D:15)
  A tyrant leech (Swamp:1)
  5 trolls
  13 hornets
  10 blink frogs
  15 slime creatures
  2 hippogriffs
  A meliai zombie (D:15)
  4 bog bodies
  Sigmund (D:6)
  17 yaks
  4 spriggans
  6 shadows
  Eustachio (D:4)
  2 vampires
  4 wyverns
  6 wraiths
  A hungry ghost (D:15)
  15 vampire mosquitoes
  A steam dragon (Lair:6)
  4 basilisks
  2 wargs
  15 swamp worms
  21 nagas
  3 soldier ants (D:11)
  9 insubstantial wisps
  4 hell hounds (Lair:6)
  8 porcupines
  20 water moccasins
  29 orc warriors
  10 swamp drakes
  3 slaves
  4 ice beasts
  5 phantoms
  2 black bears
  2 eyes of draining (D:9)
  10 ogres
  7 sky beasts
  29 wolves
  17 centaurs
  12 crocodiles
  Blork the orc (D:4)
  4 big kobolds
  15 bullfrogs
  A wyvern zombie (Ossuary)
  A gnoll sergeant (D:10)
  A water moccasin zombie (Ossuary)
  2 scorpions
  3 troll zombies (D:12)
  11 killer bees
  8 wights
  2 electric eels
  A howler monkey (D:10)
  4 lava snakes (Lair:6)
  4 bullfrog zombies (Ossuary)
  7 crimson imps
  5 centaur zombies
  A quasit (D:13)
  4 centaur skeletons
  6 hounds
  3 jellies
  A gnoll shaman (D:8)
  11 orc priests
  7 iguanas
  19 orc wizards
  6 worker ants
  5 ogre zombies (D:12)
  2 hound zombies (Ossuary)
  13 mummies (Ossuary)
  2 howler monkey zombies
  4 worker ant zombies
  19 gnolls
  28 adders
  5 shadow imps
  A white imp (D:12)
  4 oozes
  6 adder zombies (Ossuary)
  2 worms
  A dart slug (D:3)
  4 leopard geckos
  55 orcs
  9 ball pythons
  8 bats
  3 giant cockroaches
  7 goblins
  20 hobgoblins
  2 jackals (D:3)
  5 quokkas
  4 frilled lizards
  A goblin skeleton (D:12)
  4 goblin zombies (D:12)
  3 hobgoblin zombies (D:12)
  A jackal zombie (Ossuary)
  39 kobolds
  A leopard gecko skeleton (D:4)
  2 leopard gecko zombies
  4 orc skeletons (D:12)
  13 orc zombies (D:12)
  A quokka zombie (Ossuary)
  8 rats
  A briar patch (Swamp:2)
987 creatures vanquished.

Vanquished Creatures (collateral kills)
  Rupert (Snake:1)
  Jorgrun (D:15)
  An orc warlord (Orc:2)
  Josephine (D:10)
  2 hydras
  A shambling mangrove (Swamp:4)
  4 death yaks (D:10)
  A fire crab (Lair:6)
  A swamp dragon (Swamp:4)
  4 oklob plants (Lair:6)
  A black mamba (Snake:4)
  A naga mage (Snake:1)
  A molten gargoyle (Lair:6)
  A tyrant leech (Swamp:4)
  2 wraiths (D:10)
  3 basilisks (Lair:6)
  A naga (Snake:1)
  2 water moccasins
  3 swamp drakes (Swamp:4)
  4 orc warriors
  A phantom (D:10)
  A hound (D:10)
  An adder (D:10)
  3 orcs
  2 briar patches (Swamp:2)
  A fungus (Orc:2)
45 creatures vanquished.

Vanquished Creatures (others)
  A water moccasin (Lair:6)
  An orc (Orc:1)
  9 fungi
  10 plants
  2 withered plants (Ossuary)
23 creatures vanquished.

Grand Total: 1055 creatures vanquished

Notes
Turn   | Place    | Note
-------+----------+-------------------------------------------
     0 | D:1      | MrRokkomies the Ghoul Monk began the quest for the Orb.
     0 | D:1      | Reached XP level 1. HP: 19/19 MP: 0/0
   116 | D:1      | Reached XP level 2. HP: 18/26 MP: 1/1
   419 | D:1      | Reached XP level 3. HP: 26/33 MP: 2/2
   611 | D:1      | Reached skill level 4 in Fighting
   885 | D:2      | Found a glowing golden altar of the Shining One.
   952 | D:2      | Reached XP level 4. HP: 40/40 MP: 3/3
  1157 | D:2      | Found a shattered altar of Ashenzari.
  1261 | D:2      | Found a burning altar of Makhleb.
  1692 | D:3      | Reached XP level 5. HP: 46/47 MP: 4/4
  1752 | D:2      | Became a worshipper of Makhleb the Destroyer
  1752 | D:2      | Reached * piety under Makhleb
  1752 | D:2      | Reached ** piety under Makhleb
  1889 | D:3      | Noticed a big kobold
  1953 | D:3      | Killed a big kobold
  1953 | D:3      | Reached skill level 5 in Fighting
  1972 | D:3      | Learned a level 1 spell: Confusing Touch
  2097 | D:3      | Reached skill level 5 in Unarmed Combat
  2100 | D:3      | Reached skill level 1 in Invocations
  2172 | D:3      | Reached XP level 6. HP: 53/56 MP: 5/5
  2196 | D:3      | Found an opulent altar of Gozag.
  2641 | D:4      | Reached *** piety under Makhleb
  2665 | D:3      | Reached XP level 7. HP: 24/62 MP: 7/7
  3218 | D:4      | Noticed Eustachio
  3234 | D:4      | Killed Eustachio
  3234 | D:4      | Reached skill level 6 in Fighting
  3234 | D:4      | Reached skill level 1 in Hexes
  3266 | D:4      | Found a sand-covered staircase.
  3282 | Ossuary  | Entered an ossuary
  3530 | Ossuary  | Reached XP level 8. HP: 19/70 MP: 7/9
  4050 | Ossuary  | Reached skill level 7 in Fighting
  4184 | Ossuary  | Reached **** piety under Makhleb
  4246 | D:4      | Noticed Pikel
  4252 | D:4      | Killed Pikel
  4252 | D:4      | Reached XP level 9. HP: 78/78 MP: 9/11
  4282 | D:4      | Noticed Blork the orc
  4289 | D:4      | Killed Blork the orc
  4355 | D:4      | Got an ancient quarterstaff
  4356 | D:4      | Identified the +10 quarterstaff of Vanity {pain, rN+
                  | Stlth+} (You found it on level 4 of the Dungeon)
  4614 | D:5      | Entered Level 5 of the Dungeon
  4626 | D:5      | Found a shadowy altar of Dithmenos.
  4633 | D:5      | Found a transporter.
  4845 | D:5      | Reached skill level 8 in Fighting
  5115 | D:5      | Found a transporter.
  5177 | D:6      | Reached skill level 5 in Dodging
  5197 | D:6      | Noticed Sigmund
  5212 | D:6      | Killed Sigmund
  5854 | D:6      | Found a staircase to the Ecumenical Temple.
  5909 | D:6      | Found an ornate altar of the Wu Jian Council.
  5982 | D:6      | Found a shadowy altar of Dithmenos.
  5982 | D:6      | Found a sacrificial altar of Ru.
  6357 | D:7      | Reached skill level 1 in Staves
  6357 | D:7      | Reached skill level 5 in Invocations
  6385 | D:7      | Found a flagged portal.
  6419 | Bailey   | Entered a bailey
  6495 | Bailey   | Reached skill level 9 in Fighting
  6588 | Bailey   | Reached ***** piety under Makhleb
  6641 | Bailey   | HP: 3/83 [gnoll/+2 halberd of electrocution (20)]
  6644 | Bailey   | Reached XP level 10. HP: 38/91 MP: 12/12
  6994 | D:7      | Found a shimmering blue altar of Sif Muna.
  7334 | D:7      | You fall into a shaft and drop 1 floor!
  7335 | D:8      | Noticed a two-headed ogre
  7342 | D:8      | Killed a two-headed ogre
  7413 | D:8      | Noticed a two-headed ogre
  7421 | D:8      | Killed a two-headed ogre
  7684 | D:8      | HP: 4/91 [gnoll/+0 spear (5)]
  8446 | D:8      | Found a sparkling altar of Nemelex Xobeh.
  8634 | D:7      | Found a radiant altar of Vehumet.
  8666 | D:7      | Found a shimmering altar of Xom.
  9128 | D:9      | Found a bloodstained altar of Trog.
  9158 | D:9      | Reached skill level 10 in Fighting
  9535 | D:9      | Found a white marble altar of Elyvilon.
  9548 | D:9      | Reached XP level 11. HP: 77/101 MP: 14/14
  9613 | D:9      | Reached skill level 5 in Staves
 10159 | D:10     | Entered Level 10 of the Dungeon
 10159 | D:10     | Noticed Joseph
 10172 | D:10     | Killed Joseph
 10588 | D:10     | Noticed Josephine
 10609 | D:10     | Killed Josephine
 10609 | D:10     | Reached skill level 11 in Fighting
 10857 | D:10     | Reached XP level 12. HP: 110/110 MP: 16/16
 11070 | D:10     | Noticed a death yak
 11114 | D:10     | Noticed a death yak
 11114 | D:10     | Noticed a death yak
 11114 | D:10     | Noticed a death yak
 11114 | D:10     | Noticed a death yak
 11116 | D:10     | Noticed a death yak
 11117 | D:10     | Noticed a death yak
 11117 | D:10     | Noticed a death yak
 11117 | D:10     | Noticed Psyche
 11122 | D:10     | Found a staircase to the Lair.
 11394 | D:10     | Noticed an Executioner
 12575 | D:11     | Found a radiant altar of Vehumet.
 12692 | D:12     | Found a staircase to the Orcish Mines.
 13941 | D:12     | Reached ****** piety under Makhleb
 14861 | D:10     | Killed a death yak
 14861 | D:10     | Reached skill level 12 in Fighting
 14863 | D:10     | Killed a death yak
 14866 | D:10     | Killed a death yak
 14866 | D:10     | Reached XP level 13. HP: 102/118 MP: 18/18
 14867 | D:10     | Reached skill level 1 in Armour
 14930 | D:10     | Killed Psyche
 15085 | Lair:1   | Entered Level 1 of the Lair of Beasts
 15171 | Lair:1   | Found a dark tunnel.
 15176 | Volcano  | Entered a volcano
 15364 | Volcano  | Noticed a red draconian
 15389 | Volcano  | Killed a red draconian
 15704 | Lair:1   | Learned a level 2 spell: Blink
 16043 | Lair:1   | Noticed Harold
 16056 | Lair:1   | Killed Harold
 16339 | Lair:2   | Reached skill level 13 in Fighting
 17179 | Lair:3   | Found a staircase to the Snake Pit.
 17232 | Lair:3   | Identified the +9 rapier of Fortitude {pain, Str+5}
 17232 | Lair:3   | Noticed Sonja
 17263 | Lair:3   | Reached XP level 14. HP: 124/129 MP: 20/20
 17381 | Lair:3   | Killed Sonja
 18508 | Lair:4   | Found a staircase to the Swamp.
 18538 | Lair:4   | Reached skill level 1 in Throwing
 18658 | Lair:4   | Reached skill level 14 in Fighting
 18762 | Lair:4   | Found a hazy altar of Hepliaklqana.
 18777 | Lair:4   | Reached skill level 10 in Staves
 19247 | Lair:5   | Found a runed translucent door.
 19248 | Lair:5   | Noticed Thargor's ghost (journeyman GnWn)
 19389 | Lair:5   | You fall into a shaft and drop 1 floor!
 19389 | Lair:6   | Entered Level 6 of the Lair of Beasts
 19699 | Lair:6   | Reached skill level 10 in Invocations
 19717 | Lair:6   | Reached skill level 5 in Armour
 20538 | Lair:6   | Found a staircase to the Slime Pits.
 21091 | Lair:6   | Found a large runed translucent door.
 21091 | Lair:6   | Found a large runed translucent door.
 22035 | Lair:5   | Identified the +6 spear of Law {pierce, rN+}
 22359 | Orc:1    | Entered Level 1 of the Orcish Mines
 22425 | Orc:1    | Found Ynoneorgh's Gadget Boutique.
 22432 | Orc:1    | Found Buiwk's Jewellery Shoppe.
 22456 | Orc:1    | Found Baufopt's Magic Scroll Boutique.
 22456 | Orc:1    | Noticed Fannar
 22470 | Orc:1    | Killed Fannar
 22513 | Orc:1    | Found a runed translucent door.
 22526 | Orc:1    | Found the +10 large shield of Ignorance {rN+ Int-4}
 22605 | Orc:1    | Found a runed translucent door.
 22861 | Orc:2    | Entered Level 2 of the Orcish Mines
 22877 | Orc:2    | Found Ezem's Antique Armour Shop.
 22988 | Orc:2    | Reached XP level 15. HP: 41/139 MP: 21/21
 23059 | Orc:2    | Found Tameig's General Store.
 23155 | Orc:2    | Noticed an orc warlord
 23352 | Orc:2    | Found a staircase to the Elven Halls.
 23480 | Orc:2    | Found Giobb's Book Shop.
 23505 | Orc:2    | Killed an orc warlord
 23505 | Orc:2    | Reached skill level 15 in Fighting
 23679 | Orc:2    | Found Roer's Antique Weapon Shop.
 23704 | Orc:2    | Bought a glowing quarterstaff for 196 gold pieces
 23826 | Orc:1    | Bought a phial of floods for 600 gold pieces
 23826 | Orc:1    | Bought a fan of gales for 600 gold pieces
 23869 | Orc:2    | Bought a potion of curing for 42 gold pieces
 23869 | Orc:2    | Bought a potion of heal wounds for 70 gold pieces
 24593 | D:13     | Found a gate to the Vaults.
 24832 | Orc:2    | Bought Aqyfyhui's Papyrus of Bewitching Talismans for 711
                  | gold pieces
 24838 | Orc:2    | Learned a level 5 spell: Excruciating Wounds
 25624 | D:15     | Entered Level 15 of the Dungeon
 25624 | D:15     | Found a transporter.
 25627 | D:15     | Noticed Ybris's ghost (journeyman GrEE)
 25711 | D:15     | Found a transporter.
 25759 | D:15     | Noticed Jorgrun
 25974 | D:15     | Killed Jorgrun
 26525 | D:15     | Noticed a fire giant
 26795 | D:15     | HP: 3/140 [orc warrior/+0 glaive[an orc knight] (17)]
 27205 | D:14     | Reached skill level 5 in Throwing
 27329 | D:15     | Killed a fire giant
 27333 | D:15     | Found a staircase to the Depths.
 27761 | Swamp:1  | Entered Level 1 of the Swamp
 27881 | Swamp:1  | Reached XP level 16. HP: 137/149 MP: 23/23
 28168 | Swamp:1  | Found a blossoming altar of Fedhas.
 28223 | Swamp:1  | Identified the +7 leather armour of Qebah {MR++ Dex+5} (You
                  | found it on level 1 of the Swamp)
 28526 | Swamp:1  | Got an ancient hunting sling
 28527 | Swamp:1  | Identified the +4 hunting sling of Massacring {venom, +Inv}
                  | (You found it on level 1 of the Swamp)
 29307 | Swamp:2  | Noticed a thorn hunter
 29323 | Swamp:2  | Killed a thorn hunter
 30085 | Swamp:3  | Learned a level 1 spell: Summon Butterflies
 30404 | Swamp:4  | Entered Level 4 of the Swamp
 30430 | Swamp:4  | Got a bound marble ring
 30431 | Swamp:4  | Identified the ring "Maizxiv" {rN+ MR+ Stlth+} (You found
                  | it on level 4 of the Swamp)
 30657 | Swamp:4  | Reached skill level 10 in Necromancy
 30737 | Swamp:4  | Noticed a thorn hunter
 30754 | Swamp:4  | Killed a thorn hunter
 30849 | Swamp:4  | Noticed Aizul
 30874 | Swamp:4  | Killed Aizul
 30943 | Swamp:4  | Reached skill level 1 in Translocations
 30988 | Swamp:4  | Noticed a thorn hunter
 31008 | Swamp:4  | Killed a thorn hunter
 31129 | Swamp:4  | Got a decaying rune of Zot
 31232 | Swamp:4  | Reached XP level 17. HP: 156/156 MP: 25/25
 31643 | Lair:4   | Upgraded the game from 0.25-a0-189-gf71692caf1 to
                  | 0.25-a0-190-g27fffb8c76
 31708 | Snake:1  | Entered Level 1 of the Snake Pit
 31720 | Snake:1  | Noticed Rupert
 32535 | Snake:1  | Killed Rupert
 33608 | Snake:2  | Found Eppiugram's Weapon Boutique.
 33636 | Snake:2  | Reached skill level 10 in Dodging
 33639 | Snake:2  | Noticed Frances
 33676 | Snake:2  | Killed Frances
 34629 | Snake:3  | Noticed Vashnia
 35138 | Snake:2  | Reached skill level 1 in Evocations
 35679 | Snake:3  | Reached XP level 18. HP: 114/162 MP: 26/26
 35821 | Snake:3  | Killed Vashnia
 36369 | Snake:3  | Found a runed translucent door.
 36371 | Snake:3  | Noticed Qioxkieti's ghost (adept HuBe)
 36480 | Snake:3  | Killed Qioxkieti's ghost
 36518 | Snake:3  | Got a crude lead ring
 36525 | Snake:3  | Identified the ring of Agosa {+Fly Int+3} (You found it on
                  | level 3 of the Snake Pit)
 36643 | Snake:4  | Entered Level 4 of the Snake Pit
 37244 | Snake:4  | Reached skill level 5 in Translocations
 37327 | Snake:4  | Mangled by a nagaraja

Levels and vault maps discovered:
D:1:      erik_arrival_blinker_ship, layout_basic, grunt_decor_arrowhead,
          st_stairs_13, minmay_misc_feat_square, minmay_small_reverse_x
D:2:      layout_basic, nicolae_overflow_hidden_temple, ashenzari_altar_1,
          tso_altar, serial_aquarium, aquarium_bridge_long_separate
          [aquarium_subvault_window, aquarium_subvault_bridge,
          aquarium_subvault_bridge, aquarium_subvault_bridge,
          aquarium_subvault_wall, aquarium_subvault_balcony],
          aquarium_window_fake, aquarium_window_1, aquarium_window_corridor_2,
          aquarium_window_1, aquarium_view_2a, aquarium_balcony_double_3,
          aquarium_pool_side
D:3:      cheibrodos_thug_alley, layout_basic, lemuel_doored_altar,
          minmay_snake_closets
D:4:      layout_cave_pools, nicolae_ossuary_entry_monument,
          saegor_snake_ambush, uniq_blork_the_orc, uniq_eustachio, uniq_pikel
D:5:      gammafunk_cloud_chamber, layout_basic, first_ration,
          grunt_dithmenos_smoke_and_mirrors
D:6:      layout_loops_corners, lemuel_crystal_altar,
          amethyst_overflow_temple_binary, minmay_temple_entry_mini_moons,
          uniq_sigmund
D:7:      layout_cave_pods, fiery_altar_vehumet, lemuel_round_altar,
          overflow_temple_1_default, enter_bailey_6
D:8:      layout_gridville, nemelex_xobeh_ov_fountains_minmay
D:9:      layout_roguey, trog_eyes_of_draining, old_standard_altar,
          serial_glass, glass_columns_c, glass_columns_b, glass_columns_a,
          glass_columns_a, glass_columns_a, glass_columns_b, nrook_uturn
D:10:     layout_irregular_city, dpeg_lair_monsters, uniq_josephine,
          uniq_psyche, uniq_joseph
D:11:     layout_long_grid, basic_altar, hangedman_pestilent_swarm
D:12:     layout_layer_cave, zombieorc2_lemuel, minmay_fire_ice_demons
D:13:     layout_gridville, david_vaults_5
D:14:     layout_long_grid, kennysheep_dice
D:15:     grunt_enter_depths_giant_problem, layout_cross, gammafunk_ghost_arena,
          serial_column_ruins, column_ruins_grid_3,
          column_ruins_corridor_corner, column_ruins_grid_1,
          column_ruins_open_medium, column_ruins_open_small, uniq_jorgrun
Lair:1:   layout_hall_layers, enter_volcano_4, chequers_serial_rivers_micro_a,
          grunt_megastairs_4, lemuel_fruit_tree, uniq_harold
Lair:2:   layout_misc_corridors, serial_bayou_lagoon_a
Lair:3:   layout_layer_cave, minmay_snake_entry_six_corridors,
          grunt_forest_large_clearings, infiniplex_staircase_pool,
          grunt_megastairs_2, serial_bayou_shore_a, uniq_sonja
Lair:4:   layout_regular_city, swamp_mist_pool, basic_altar
Lair:5:   layout_regular_city, ebering_ghost_funeral_grove
Lair:6:   cheibrodos_lair_end_hotspot, layout_big_grid,
          minmay_slime_entry_oklob_enclosed
Swamp:1:  layout_basic_swamp, lemuel_altar_in_water, hangedman_swamp_lotus,
          nicolae_swamp_orc_logging_accident, swamp_pool1
Swamp:2:  layout_basic_swamp, evilmike_swamp_ruin_house_4
Swamp:3:  layout_basic_swamp, nicolae_swamp_very_dense_foliage, swamp_pool2
Swamp:4:  swamp, layout_basic_swamp, swamp_pool2, nicolae_swamp_baby_hydras,
          uniq_aizul
Snake:1:  cheibrodos_snake_ritualist_ritual, layout_basic, st_stairs_8,
          grunt_ministairs_2, uniq_rupert
Snake:2:  layout_misc_corridors, serial_shops, shop_statue, st_stairs_5,
          grunt_megastairs_5, uniq_frances
Snake:3:  dpeg_oklob_gauntlet, layout_onion, ebering_ghost_inner_flame,
          uniq_vashnia
Snake:4:  snake_pit, layout_cave_town
Orc:1:    layout_diamond_mine, serial_shops, shop, nicolae_shop_waterfront,
          shop, chequers_guarded_unrand_ignorance, uniq_fannar
Orc:2:    grunt_orc_gardens, layout_diamond_mine, grunt_orc_garden,
          grunt_orc_garden, grunt_orc_garden, grunt_orc_garden

Skill      XL: |  1  2  3  4  5  6  7  8  9 10 11 12 13 14 15 16 17 18 |
---------------+-------------------------------------------------------+-----
Fighting       | 4 5 6 7 9 10 11 12 13 14 15 | 15.0
Dodging        | 3 4 5 6 7 9 10 11 | 11.1
Unarmed Combat | 4 5 6 7 8 |  8.5
Invocations    | 1 2 4 5 6 7 8 9 10 11 12 13 | 13.1
Hexes          | 1 2 3 4 |  4.0
Staves         | 1 4 5 7 9 10 12 13 14 | 14.0
Necromancy     | 8 9 10 11 | 11.4
Armour         | 4 5 7 8 |  8.3
Throwing       | 3 5 6 |  6.0
Translocations | 2 4 5 |  5.1
Evocations     | 1 3 |  3.7
Stealth        | |  2.1

Action                   |  1- 3 |  4- 6 |  7- 9 | 10-12 | 13-15 | 16-18 || total
-------------------------+-------+-------+-------+-------+-------+-------++-------
Melee: Unarmed           |   115 |   196 |   479 |   402 |       |       ||  1192
       Punch             |       |     3 |    16 |    18 |       |       ||    37
       Quarterstaff      |       |       |       |   315 |  1385 |  1118 ||  2818
 Fire: Hunting sling     |       |       |     4 |       |       |       ||     4
Throw: Dart              |       |     9 |     5 |       |     2 |     1 ||    17
       Stone             |       |       |    27 |       |       |       ||    27
       Boomerang         |       |       |       |    33 |    58 |   123 ||   214
       Throwing net      |       |       |       |       |       |     2 ||     2
 Cast: Confusing Touch   |       |       |       |     2 |       |     1 ||     3
Invok: Minor Destruction |       |       |    18 |    20 |     2 |     4 ||    44
       Lesser Servant of |       |       |     1 |     5 |    25 |    10 ||    41
       Major Destruction |       |       |       |     8 |     9 |    13 ||    30
       Greater Servant o |       |       |       |     2 |     4 |     4 ||    10
Evoke: Wand              |       |     7 |     7 |       |     5 |    12 ||    31
       Lamp of fire      |       |       |       |     1 |     2 |       ||     3
       Fan of gales      |       |       |       |       |       |     2 ||     2
  Use: Scroll            |     8 |     2 |    15 |    15 |    10 |    17 ||    67
       Potion            |       |       |     4 |     6 |     3 |     5 ||    18
 Stab: Sleeping          |     1 |     1 |     4 |     7 |     1 |    12 ||    26
       Betrayed ally     |       |     1 |       |       |       |       ||     1
       Distracted        |       |       |     1 |     3 |     3 |     4 ||    11
       Confused          |       |       |       |     1 |       |     3 ||     4
       Petrified         |       |       |       |       |     7 |       ||     7
       Held in net/web   |       |       |       |       |       |     1 ||     1
  Eat: Chunk             |    13 |     8 |    33 |    84 |   118 |    97 ||   353
       Ration            |       |       |     1 |       |     1 |       ||     2
Armor: Robe              |     5 |       |       |       |       |       ||     5
       Ring mail         |    35 |    68 |    14 |       |       |       ||   117
       Leather armour    |       |       |    48 |   130 |     4 |   311 ||   493
       Plate armour      |       |       |       |     1 |   855 |    43 ||   899
Dodge: Dodged            |    75 |   120 |   301 |   625 |   674 |   895 ||  2690

Table legend:
 A = Non-vault XP
 B = Vault XP
 C = Vault XP percentage of total XP
 D = Non-vault monster count
 E = Vault monster count
 F = Vault count percentage of total count
                 A         B        C        D         E       F
            +---------+---------+-------+---------+---------+-------
      Total |  161388 |   94426 |  36.9 |     680 |     345 |  33.7
            +---------+---------+-------+---------+---------+-------
        D:1 |      43 |      11 |  20.4 |      21 |       6 |  22.2
        D:2 |     101 |       0 |   0.0 |      20 |       0 |   0.0
        D:3 |     197 |     195 |  49.7 |      25 |      20 |  44.4
        D:4 |     236 |     934 |  79.8 |       7 |       4 |  36.4
        D:5 |     371 |       0 |   0.0 |      12 |       0 |   0.0
        D:6 |    1059 |     231 |  17.9 |      23 |       1 |   4.2
        D:7 |     670 |       0 |   0.0 |      18 |       0 |   0.0
        D:8 |    1854 |       0 |   0.0 |      19 |       0 |   0.0
        D:9 |    2463 |     468 |  16.0 |      31 |       4 |  11.4
       D:10 |    1154 |    4792 |  80.6 |      31 |      12 |  27.9
       D:11 |    2237 |     629 |  21.9 |      30 |       4 |  11.8
       D:12 |    4170 |     771 |  15.6 |      35 |      38 |  52.1
       D:13 |    2121 |    2738 |  56.3 |      10 |       9 |  47.4
       D:14 |    5542 |     749 |  11.9 |      15 |       2 |  11.8
       D:15 |   16231 |    3143 |  16.2 |      47 |       2 |   4.1
     Lair:1 |    2789 |    2260 |  44.8 |      11 |       7 |  38.9
     Lair:2 |    3633 |       0 |   0.0 |      16 |       0 |   0.0
     Lair:3 |    4400 |    6184 |  58.4 |      16 |      45 |  73.8
     Lair:4 |    8098 |       0 |   0.0 |      28 |       0 |   0.0
     Lair:5 |    2785 |       0 |   0.0 |       7 |       0 |   0.0
     Lair:6 |    3921 |    9239 |  70.2 |      16 |      30 |  65.2
    Swamp:1 |    9959 |       0 |   0.0 |      31 |       0 |   0.0
    Swamp:2 |    9187 |       0 |   0.0 |      23 |       0 |   0.0
    Swamp:3 |    7212 |       0 |   0.0 |      17 |       0 |   0.0
    Swamp:4 |   11091 |   20543 |  64.9 |      26 |      29 |  52.7
    Snake:1 |   14709 |    6365 |  30.2 |      28 |      10 |  26.3
    Snake:2 |   21277 |    7225 |  25.3 |      34 |       8 |  19.0
    Snake:3 |   11764 |   12183 |  50.9 |      25 |       7 |  21.9
    Snake:4 |    7931 |    2167 |  21.5 |      15 |       3 |  16.7
      Orc:1 |    2132 |     986 |  31.6 |      22 |       1 |   4.3
      Orc:2 |    2051 |    8256 |  80.1 |      21 |      27 |  56.2
    Ossuary |       0 |     820 | 100.0 |       0 |      34 | 100.0
     Bailey |       0 |     361 | 100.0 |       0 |      34 | 100.0
    Volcano |       0 |    3176 | 100.0 |       0 |       8 | 100.0
            +---------+---------+-------+---------+---------+-------
